AoeStats
← 耿信

Socotra

504196978Analyzed
2v2 RM · 29d ago on Sep 4, 2026· 38m 48s· 4 players
Game mode
Random Map
Map size
Tiny (2 player)
Population
200
Speed
Normal
Resources
Standard
Victory
Conquest
Starting age
Dark Age
Ending age
Imperial Age
RankedLock teamsTeams togetherTeam positionsShared explorationLock speedFull tech treeHidden civsTurbo modeCheats
Victory
Defeat
🇩🇪 Italians · Germany
604
+10
🇮🇳 Koreans · India
578
+10
🇪🇸 Burgundians · Spain
479
-11
🇨🇳 Ethiopians · China
441
-9
< parchai>
Fredl_5.8
0:36 Loom
10:44 Feudal Age
11:13 Double-Bit Axe
12:57 Arson
20:23 Castle Age
21:11 Squires
23:25 Bow Saw
25:17 Pikeman
27:26 Ballistics
27:39 Fortified Wall
27:55 Treadmill Crane
29:29 Heated Shot
29:39 Gold Mining
32:17 Husbandry
35:11 Bloodlines
39:12 Imperial Age
38:17 Fletching
38:33 Scale Barding Armor
耿信
JASON84
0:33 Loom
10:11 Wheelbarrow
13:46 Feudal Age
14:18 Man-at-Arms
14:45 Arson
17:06 Horse Collar
18:36 Double-Bit Axe
22:49 Bow Saw
23:37 Stone Mining
23:55 Gold Mining
29:22 Castle Age
28:05 Heavy Plow
29:31 Long Swordsman
30:13 Squires
29:34 Pikeman
31:13 Scale Mail Armor
31:59 Padded Archer Armor
33:19 Elite Skirmisher
33:38 Crossbowman
37:51 Guard Tower
Connection lost

Rejoining the realm…

Still unreachable

The connection could not be restored.

Session expired

The server has moved on; the page needs a fresh start.